 Dungeon Crawl Stone Soup version 0.30-a0-632-g346586fe48 (webtiles) character file.

Game seed: 12816100223661573088

203 PyroL the Grave Robber (level 5, 0/35 HPs)
             Began as a Demonspawn Necromancer on Jan 14, 2023.
             Killed from afar by Ijyb (12 damage)
             ... with an iceblast
             ... on level 3 of the Dungeon.
             The game lasted 00:04:52 (2749 turns).

PyroL the Grave Robber (Demonspawn Necromancer)     Turns: 2749, Time: 00:04:53

Health: 0/35       AC:  2    Str:  8    XL:     5   Next: 51%
Magic:  11/11      EV: 16    Int: 18    God:
Gold:   147        SH:  7    Dex: 14    Spells: 4/12 levels left

rFire   . . .      SeeInvis .    o - +2 whip (venom)
rCold   . . .      Faith    .    p - +0 buckler
rNeg    . . .      Spirit   .    a - +0 robe
rPois   .          Reflect  .    (no helmet)
rElec   .          Harm     .    (no cloak)
rCorr   .          Rampage  .    (no gloves)
Will    .....                    (no boots)
Stlth   ++                       (no amulet)
HPRegen 0.25/turn                j - +5 ring of evasion
MPRegen 0.12/turn                (no ring)

@: no status effects
A: large bone plates 1, ignite blood 1, spiny 1, demonic touch 1
a: no special abilities


You were on level 3 of the Dungeon.
You visited 1 branch of the dungeon, and saw 3 of its levels.

You collected 147 gold pieces.

Inventory:

Hand Weapons
 o - a +2 whip of venom (weapon)
Missiles
 l - a throwing net
Armour
 a - a +0 robe (worn)
 p - a +0 buckler (worn)
Jewellery
 j - a +5 ring of evasion (left hand)
Scrolls
 c - a scroll of vulnerability {unknown}
 f - 2 scrolls of teleportation
 g - a scroll of poison {unknown}
 i - a scroll of enchant weapon {unknown}
 k - a scroll of amnesia {unknown}
 n - a scroll of magic mapping {unknown}
Potions
 b - a potion of magic
 d - a potion of degeneration {unknown}
 e - a potion of curing {unknown}
 h - 3 potions of flight {unknown}
 m - a potion of haste {unknown}


   Skills:
 - Level 1.7 Dodging
 - Level 1.7 Stealth
 + Level 0.0 Shields
 - Level 4.0 Spellcasting
 + Level 6.1 Necromancy


You had 4 spell levels left.
You knew the following spells:

 Your Spells              Type           Power      Damage    Failure   Level
a - Necrotise             Necr           100%       1d9       1%          1
b - Vampiric Draining     Necr           25%        2d7       4%          3
c - Animate Dead          Necr           25%        N/A       16%         4

Your spell library contained the following spells:

 Spells                   Type           Power      Damage    Failure   Level
 Ensorcelled Hibernation  Hex/Ice        6%         N/A       30%         2
 Passwall                 Tmut/Erth      2%         N/A       30%         2
 Swiftness                Air            3%         N/A       52%         3
 Agony                    Necr           25%        N/A       41%         5


Dungeon Overview and Level Annotations

Branches:
Dungeon (3/15)

Altars:
Okawaru

Annotations:
D:3 Ijyb


Innate Abilities, Weirdness & Mutations

You are partially covered in large bone plates. (SH +4)
Your demonic aura sometimes causes spilled blood to erupt in flames.
You are partially covered in sharp spines.
Your touch may inflict minor irresistible damage on your foes.


Message History

The dead are walking!
Your orc skeleton crumbles into dust!
Magic restored.
You swap places.
You swap places.
Things that are here:
a +0 hand axe; a +0 scale mail Your orc skeleton crumbles into dust!
Things that are here:
a +0 short sword; a boomerang; a +0 ring mail Your orc skeleton crumbles into dust!
You see here a +0 flail.
You now have 147 gold pieces (gained 10).
Found a buckler.
You see here a +0 buckler.
You start putting on your armour.
You continue putting on your +0 buckler. x4
You finish putting on your +0 buckler.
This spell is dangerous to cast!
Memorise Vampiric Draining, consuming 3 spell levels and leaving 8?
You start memorising the spell.
You continue memorising. x3
You finish memorising.
Spell assigned to 'b'.
This spell is quite dangerous to cast!
Memorise Animate Dead, consuming 4 spell levels and leaving 4?
You start memorising the spell.
You continue memorising. x4
You finish memorising.
Spell assigned to 'c'.
Okay, then.
Okay, then.
Ijyb the Twisted Goblin comes into view.
She is wielding a +0 club and carrying a wand of iceblast (6).
Found a hammer.
Ijyb zaps a wand.
The mass of ice explodes!
The iceblast engulfs you!!
Ouch! That really hurt!
* * * LOW HITPOINT WARNING * * *
As you read the scroll labelled SAED FADOAWE, it crumbles to dust.
You feel strangely unstable.
It was a scroll of teleportation.
Ijyb attacks as you move away! Ijyb hits you with a +0 club.
* * * LOW HITPOINT WARNING * * *
Your surroundings seem slightly different.
Ijyb zaps a wand.
The mass of ice explodes!
The iceblast engulfs you!
You die...

#.# #########.#
#.......#.######
#.#............#
#.#............#
#..............# ).
#......r.......# g#
#....)...g.....# ..#
#..#.@..##.....# ..#
#####..#.#####...#.##..#
#......#.#####...#.#...
#....†.#.........#.#.#
#......######....#...#
#####).).# #....#..##
##)#)# #.#.#...#
#)#.####.#......
#.#<...#....#####


You could see Ijyb and a rat (wandering).

Vanquished Creatures
  An orc priest (D:3)
  6 gnolls
  2 adders (D:3)
  2 worms
  2 dart slugs
  7 orcs (D:3)
  5 ball pythons
  3 endoplasms
  A giant cockroach (D:1)
  2 goblins
  3 hobgoblins
  10 jackals
  A quokka (D:2)
  3 bats (D:1)
  5 frilled lizards
  7 kobolds
  4 rats
64 creatures vanquished.

Vanquished Creatures (collateral kills)
  A gnoll (D:3)
  A worm (D:2)
  A dart slug (D:1)
  A frilled lizard (D:1)
  2 rats (D:1)
6 creatures vanquished.

Grand Total: 70 creatures vanquished

Notes
Turn   | Place    | Note
-------+----------+-------------------------------------------
     0 | D:1      | PyroL the Demonspawn Necromancer began the quest for the
                  | Orb.
     0 | D:1      | Reached XP level 1. HP: 13/13 MP: 3/3
   167 | D:1      | Gained mutation: You are partially covered in sharp spines.
                  | [demonic ancestry]
   167 | D:1      | Reached XP level 2. HP: 9/19 MP: 0/5
  1069 | D:1      | Reached skill level 5 in Necromancy
  1081 | D:1      | Gained mutation: You are partially covered in large bone
                  | plates. (SH +4) [demonic ancestry]
  1081 | D:1      | Reached XP level 3. HP: 24/24 MP: 5/7
  1540 | D:2      | Found a faded altar of an unknown god.
  1796 | D:2      | Gained mutation: Your touch may inflict minor irresistible
                  | damage on your foes. [demonic ancestry]
  1796 | D:2      | Reached XP level 4. HP: 30/30 MP: 2/8
  1968 | D:2      | Found an iron altar of Okawaru.
  2400 | D:3      | Gained mutation: Your demonic aura sometimes causes spilled
                  | blood to erupt in flames. [demonic ancestry]
  2400 | D:3      | Reached XP level 5. HP: 26/35 MP: 4/10
  2588 | D:3      | Reached skill level 6 in Necromancy
  2722 | D:3      | Learned a level 3 spell: Vampiric Draining
  2727 | D:3      | Learned a level 4 spell: Animate Dead
  2732 | D:3      | Noticed Ijyb
  2749 | D:3      | Killed from afar by Ijyb

Illustrated notes

Levels and vault maps discovered:
D:1:      dpeg_arrival_three_bigger_balls, layout_basic, serial_bayou_lake_a
D:2:      layout_loops_ring, dreamdust_ecumenical_altar_hidden_monk_grotto,
          basic_altar
D:3:      layout_basic, grunt_temple_overflow_growth_and_decay,
          kennysheep_okawaru_gauntlet, uniq_robin, uniq_crazy_yiuf_cottage,
          uniq_ijyb

Skill      XL: |  1  2  3  4  5 |
---------------+----------------+-----
Necromancy     | 5 6 |  6.1
Spellcasting   | 3 4 |  4.0
Dodging        | |  1.7
Stealth        | |  1.7

Action                   |  1- 3 |  4- 6 || total
-------------------------+-------+-------++-------
Melee: Unarmed           |     8 |       ||     8
       Dagger            |     7 |       ||     7
       Whip              |     1 |    18 ||    19
       Touch             |       |     5 ||     5
       Punch             |       |     1 ||     1
 Cast: Necrotise         |    64 |    36 ||   100
  Use: Scroll            |       |     1 ||     1
Armor: Robe              |     7 |       ||     7
Dodge: Dodged            |    23 |    15 ||    38
Block: Other             |       |     2 ||     2

Table legend: (Time is in decaauts)
 A = Elapsed time spent in this place.
 B = Non-inter-level travel time spent in this place.
 C = Inter-level travel time spent in this place.
 D = Time resting spent in this place.
 E = Time spent auto-exploring this place.
 F = Levels seen in this place.
 G = Mean time per level.
                   A        B        C        D        E       F      G
               +--------+--------+--------+--------+--------+-----+--------+
         Total |   2795 |   2694 |    101 |    107 |   2145 |   3 |  931.7 |
       Dungeon |   2795 |   2694 |    101 |    107 |   2145 |   3 |  931.7 |
               +--------+--------+--------+--------+--------+-----+--------+

Top non-repeatable levels by time:
     D:1: 1329 daAuts
     D:2: 1063 daAuts
     D:3: 402 daAuts
